 Dungeon Crawl Stone Soup version 0.23-a0-405-g368ce00 (webtiles) character file.

8457 MisterFreud the Grappler (level 11, -2/94 HPs)
             Began as a Troll Monk on Nov 6, 2018.
             Was a High Priest of Okawaru.
             Killed by divine providence
             ... invoked by an orc priest
              (14 damage)
             ... on level 11 of the Dungeon.
             The game lasted 00:21:01 (8235 turns).

MisterFreud the Grappler (Troll Monk)               Turns: 8235, Time: 00:21:01

Health: -2/94      AC:  9    Str: 29    XL:     11   Next: 10%
Magic:  14/14      EV: 11    Int:  6    God:    Okawaru [*****.]
Gold:   686        SH: 10    Dex: 12    Spells: 10/10 levels left

rFire    . . .     SeeInvis .     - Unarmed
rCold    . . .     Gourm    +   a - +0 shield (curse)
rNeg     . . .     Faith    .   m - +0 troll leather armour
rPois    .         Spirit   .   (helmet restricted)
rElec    .         Reflect  .   (no cloak)
rCorr    .         Harm     +   (gloves unavailable)
MR       .....                  (boots unavailable)
Stlth    +.........             B - amulet of harm
HPRegen  1.05/turn              E - +5 ring of strength
MPRegen  0.14/turn              i - +2 ring of protection

@: no status effects
A: large, unfitting armour, claws 3, fast metabolism 3, gourmand, regeneration
1, shaggy fur 1, tough skin 2
a: Heroism, Finesse, Renounce Religion


You were on level 11 of the Dungeon.
You worshipped Okawaru.
Okawaru was extremely pleased with you.
You were not hungry.

You visited 1 branch of the dungeon, and saw 11 of its levels.

You collected 686 gold pieces.

Inventory:

Hand Weapons
 z - the +6 long sword of the Forsaken Curses {drain, rElec rF+ rC+}
   (You found it on level 4 of the Dungeon)

   A truly terrible weapon, it drains the life of those it strikes.
   It protects you from fire.
   It protects you from cold.
   It insulates you from electricity.
Missiles
 d - 229 stones
 o - a tomahawk of dispersal
 p - 3 poisoned javelins
 w - 6 javelins (quivered)
 x - 2 tomahawks
 L - 6 javelins of penetration
 O - 5 poisoned tomahawks
 Q - 25 poisoned needles
Armour
 a - a cursed +0 shield (worn)
 l - +0 steam dragon scales
 m - a +0 troll leather armour (worn)
Jewellery
 g - an uncursed ring of poison resistance
 i - a +2 ring of protection (right claw)
 A - an uncursed amulet of rage {unknown}
 B - an amulet of harm (around neck)
 C - an uncursed ring of see invisible
 E - a +5 ring of strength (left claw)
 H - an uncursed amulet of regeneration {unknown}
Wands
 y - a wand of disintegration (20)
 D - a wand of paralysis (10)
 F - a wand of polymorph (18)
 M - a wand of random effects (19)
 N - a wand of digging (6)
 R - a wand of iceblast (16)
Scrolls
 c - 4 scrolls of remove curse
 e - 8 scrolls of identify
 j - a scroll of acquirement {unknown}
 n - 6 scrolls of teleportation
Potions
 f - a potion of heal wounds
 h - 2 potions of haste {unknown}
 k - a potion of might {unknown}
 q - 2 potions of invisibility {unknown}
 r - 2 potions of cancellation {unknown}
 s - 2 potions of degeneration {unknown}
 t - a potion of agility
 u - 2 potions of curing {unknown}
 v - 2 potions of ambrosia {unknown}
 G - 2 potions of flight {unknown}
 K - 2 potions of magic {unknown}
 P - a potion of brilliance {unknown}
Comestibles
 b - 18 rations


   Skills:
 - Level 2.4 Fighting
 - Level 6.0 Throwing
 + Level 7.5 Dodging
 - Level 1.0 Stealth
 + Level 4.4 Shields
 - Level 10.7 Unarmed Combat
 - Level 6.0 Invocations


You had 10 spell levels left.
You didn't know any spells.
Your spell library contained the following spells:

 Spells                   Type           Power        Failure   Level  Hunger
 Corona                   Hex            #......      83%         1    ##.....
 Poisonous Vapours        Pois/Air       #.....       92%         2    ###....
 Slow                     Hex            #.......     92%         2    ###....
 Conjure Flame            Conj/Fire      #.......     99%         3    ####...
 Inner Flame              Hex/Fire       #.......     99%         3    ####...
 Mephitic Cloud           Conj/Pois/Air  #.......     99%         3    ####...
 Portal Projectile        Hex/Tloc       #.....       99%         3    ####...
 Cause Fear               Hex            #.........   100%        4    #####..
 Leda's Liquefaction      Hex/Erth       #.........   100%        4    #####..
 Freezing Cloud           Conj/Ice/Air   #.........   100%        6    #######
 Ring of Flames           Chrm/Fire      #.........   100%        7    #######


Dungeon Overview and Level Annotations

Branches:
Dungeon (11/15)            Temple (0/1) D:5            Lair (0/6) D:8
    Orc (0/2) D:9

Altars:
Ashenzari
Cheibriados
Dithmenos
Hepliaklqana
Kikubaaqudgha
Makhleb
Nemelex Xobeh
Okawaru
Qazlal
Sif Muna
Trog
Uskayaw
Yredelemnul
Zin

Shops:
D:7 %

Annotations:
D:10 exclusion: door


Innate Abilities, Weirdness & Mutations

You are too large for most types of armour.
You have claws for hands.
Your metabolism is lightning-fast.
You like to eat raw meat.
Your natural rate of healing is unusually fast.
You are covered in fur. (AC +1)
You have very tough skin. (AC +2)


Message History

An orc comes into view.
Your shield prevents you from hitting the orc priest.
The orc warrior hits you from afar with a +0 glaive!
* * * LOW HITPOINT WARNING * * *
You block the orc's attack.
The orc priest mumbles some strange prayers to Beogh against you.
Beogh smites you!
* * * LOW HITPOINT WARNING * * *
Items here: $ )))))) [[[ ††† You feel much better.
The orc hits you but does no damage.
Things that are here:
a +0 hand axe; a +0 leather armour; an orc corpse The orc priest mumbles some strange prayers to Beogh against you.
Beogh smites you!
* * * LOW HITPOINT WARNING * * *
Things that are here:
a +0 shortbow; 16 arrows The orc priest mumbles some strange prayers to Beogh against you.
Beogh smites you!
You die...

######### #........
#........ #........
####........
##############()oo.>.....
.......<...)@o.##[.......
#################........
#.o....!. .........
########.


You could see an orc warrior, an orc priest and an orc.

Vanquished Creatures
  A centaur warrior (D:11)
  Pikel (D:5)
  An ugly thing (D:11)
  A troll (D:10)
  6 slime creatures
  4 hippogriffs
  Eustachio (D:6)
  A hungry ghost (D:7)
  Menkaure (D:7)
  A steam dragon (D:10)
  3 wargs
  4 orc warriors
  2 ice beasts
  2 sky beasts
  5 ogres
  A phantom (D:5)
  4 centaurs
  10 bullfrogs
  2 scorpions
  3 killer bees (D:8)
  5 wights (D:10)
  2 howler monkeys (D:5)
  2 bullfrog zombies
  4 crimson imps
  A centaur skeleton (D:4)
  5 hounds
  2 jellies
  10 orc priests
  2 bullfrog skeletons (D:4)
  2 iguanas
  Ijyb (D:4)
  Terence (D:2)
  6 orc wizards
  2 worker ants
  A worker ant zombie (D:7)
  4 gnolls
  2 howler monkey skeletons
  11 adders
  2 shadow imps
  An ooze (D:2)
  An adder zombie (D:5)
  An adder skeleton (D:6)
  3 worms (D:2)
  3 dart slugs
  4 leopard geckos
  40 orcs
  7 giant cockroaches
  7 goblins
  4 hobgoblins
  10 kobolds
  A quokka (D:5)
  2 ball pythons
  15 bats
  2 frilled lizards
  2 gnoll zombies (D:6)
  2 leopard gecko skeletons (D:4)
  A quokka skeleton (D:4)
  A quokka zombie (D:5)
  13 rats
239 creatures vanquished.

Vanquished Creatures (others)
  A hound (D:5)
  A quokka (D:5)
2 creatures vanquished.

Grand Total: 241 creatures vanquished

Notes
Turn   | Place    | Note
-------+----------+-------------------------------------------
     0 | D:1      | MisterFreud the Troll Monk began the quest for the Orb.
     0 | D:1      | Reached XP level 1. HP: 22/22 MP: 0/0
   198 | D:1      | Reached XP level 2. HP: 23/29 MP: 1/1
   441 | D:1      | Reached skill level 4 in Unarmed Combat
   928 | D:2      | Reached XP level 3. HP: 25/36 MP: 2/2
  1069 | D:2      | Reached XP level 4. HP: 22/44 MP: 3/3
  1139 | D:2      | Reached skill level 5 in Unarmed Combat
  1284 | D:2      | Found a faded altar of an unknown god.
  1364 | D:2      | Found a deep blue altar of Sif Muna.
  1723 | D:2      | Reached XP level 5. HP: 44/50 MP: 4/4
  1738 | D:2      | Noticed a moth of wrath
  1741 | D:2      | Found a bloodstained altar of Trog.
  1901 | D:2      | Noticed Terence
  1911 | D:2      | Killed Terence
  1911 | D:2      | Reached skill level 6 in Unarmed Combat
  2211 | D:3      | Found a stormy altar of Qazlal.
  2303 | D:3      | Found a shattered altar of Ashenzari.
  2854 | D:3      | Found a glowing silver altar of Zin.
  2855 | D:3      | Found a shadowy altar of Dithmenos.
  2884 | D:4      | Noticed Ijyb
  2927 | D:4      | Killed Ijyb
  2935 | D:4      | Found an iron altar of Okawaru.
  2941 | D:4      | Got a crude long sword
  2942 | D:4      | Identified the +6 long sword of the Forsaken Curses {drain,
                  | rElec rF+ rC+} (You found it on level 4 of the Dungeon)
  2954 | D:4      | Reached XP level 6. HP: 56/59 MP: 5/5
  3072 | D:4      | Reached skill level 7 in Unarmed Combat
  3105 | D:4      | Became a worshipper of Warmaster Okawaru
  3105 | D:4      | Reached * piety under Okawaru
  3105 | D:4      | Reached ** piety under Okawaru
  3443 | D:4      | Reached skill level 8 in Unarmed Combat
  3443 | D:4      | Reached XP level 7. HP: 66/66 MP: 6/6
  3666 | D:5      | Entered Level 5 of the Dungeon
  3713 | D:5      | Reached skill level 9 in Unarmed Combat
  3752 | D:5      | Reached *** piety under Okawaru
  3903 | D:5      | Noticed Pikel
  3916 | D:5      | Killed Pikel
  3916 | D:5      | Reached **** piety under Okawaru
  3916 | D:5      | Reached skill level 10 in Unarmed Combat
  3916 | D:5      | Reached XP level 8. HP: 74/74 MP: 7/7
  4001 | D:5      | Reached skill level 1 in Throwing
  4155 | D:5      | Found a staircase to the Ecumenical Temple.
  4303 | D:5      | Found a hazy altar of Hepliaklqana.
  4752 | D:6      | Reached XP level 9. HP: 80/80 MP: 8/8
  4888 | D:6      | Received a gift from Okawaru
  4903 | D:6      | Noticed Eustachio
  4917 | D:6      | Killed Eustachio
  4917 | D:6      | Reached skill level 5 in Throwing
  5042 | D:6      | Found a basalt altar of Yredelemnul.
  5073 | D:6      | Reached skill level 1 in Invocations
  5095 | D:6      | Found a snail-covered altar of Cheibriados.
  5223 | D:7      | Reached ***** piety under Okawaru
  5449 | D:7      | Found a hide-covered altar of Uskayaw.
  5470 | D:7      | Noticed a glowing dagger
  5470 | D:7      | Noticed a hand axe
  5539 | D:7      | Reached skill level 5 in Invocations
  5593 | D:7      | Found Resuethro's Food Boutique.
  5629 | D:7      | Found a sparkling altar of Nemelex Xobeh.
  5651 | D:7      | Noticed Menkaure
  5659 | D:7      | Killed Menkaure
  5671 | D:7      | You fall through a shaft!
  5680 | D:8      | Found a staircase to the Lair.
  5705 | D:8      | HP: 2/80 [warg (14)]
  6108 | D:8      | Reached XP level 10. HP: 88/88 MP: 13/13
  6156 | D:8      | Received a gift from Okawaru
  6495 | D:8      | Found an ancient bone altar of Kikubaaqudgha.
  6722 | D:9      | Reached skill level 5 in Dodging
  6793 | D:9      | Found a burning altar of Makhleb.
  6966 | D:9      | Found a staircase to the Orcish Mines.
  6993 | D:10     | Entered Level 10 of the Dungeon
  7051 | D:10     | Received a gift from Okawaru
  7054 | D:10     | Got an ominously black robe {god gift}
  7065 | D:10     | Identified the +1 robe of the Ban {rF- rN+ Int+4 Stlth+}
                  | (Okawaru gifted it to you on level 10 of the Dungeon)
  7322 | D:10     | Reached skill level 1 in Shields
  7989 | D:10     | Found a deep blue altar of Sif Muna.
  8063 | D:11     | Noticed a red ugly thing
  8070 | D:11     | Killed a red ugly thing
  8146 | D:11     | Noticed a centaur warrior
  8163 | D:11     | Killed a centaur warrior
  8163 | D:11     | Reached XP level 11. HP: 82/94 MP: 14/14
  8213 | D:11     | Received a gift from Okawaru
  8229 | D:11     | HP: 1/94 [orc priest/divine providence (15)]
  8235 | D:11     | Killed from afar by an orc priest

Vault maps used:
D:1:      nicolae_arrival_somewhat_less_tricky_arrival, serial_bayou
D:2:      cheibrodos_pilgrimage, tgw_trog, marbit_many_paths,
          chequers_ecumenical_altar_simple, uniq_terence
D:3:      evilmike_ruin_ashenzari, minitemple, grunt_qazlal_clouds
D:4:      okawaru_ov_weapons_minmay, uniq_ijyb
D:5:      minmay_temple_entry_statues_pillars, first_ration, basic_altar,
          uniq_pikel
D:6:      lemuel_round_altar, lemuel_zombie_altar_yredelemnul,
          kennysheep_generic_room_11, uniq_eustachio
D:7:      dancing_weapons_uskayaw, nemelex_xobeh_ov_fountains_minmay,
          serial_shops, nicolae_shop_statue_plus, minivault_27, uniq_menkaure
D:8:      lemuel_doored_altar, erik_lair_orcish_takeover
D:9:      kennysheep_mini_moat, orc_0_dummy
D:10:     led_sif_book
D:11:     special_room

Skill      XL: |  1  2  3  4  5  6  7  8  9 10 |
---------------+-------------------------------+-----
Unarmed Combat | 4 5 6 8 10 | 10.7
Throwing       | 4 6 |  6.0
Invocations    | 6 |  6.0
Dodging        | 3 7 |  7.5
Shields        | 4 |  4.4
Fighting       | |  2.4
Stealth        | |  1.0

Action                   |  1- 3 |  4- 6 |  7- 9 | 10-12 || total
-------------------------+-------+-------+-------+-------++-------
Melee: Unarmed           |    63 |   156 |   231 |   183 ||   633
       Punch             |     1 |     6 |    10 |     6 ||    23
Throw: Javelin           |       |       |       |     6 ||     6
  Use: Scroll            |       |     2 |     1 |     9 ||    12
       Potion            |       |       |     3 |     1 ||     4
 Stab: Sleeping          |     2 |     3 |     3 |     2 ||    10
       Confused          |       |       |     1 |       ||     1
  Eat: Chunk             |    15 |    17 |    29 |    14 ||    75
Armor: Robe              |    38 |    54 |    88 |    18 ||   198
       Troll leather arm |       |       |       |    27 ||    27
       Steam dragon scal |       |       |       |     9 ||     9
Dodge: Dodged            |    61 |    68 |   141 |    60 ||   330
Block: Shield            |       |       |       |    43 ||    43

Table legend:
 A = Non-vault XP
 B = Vault XP
 C = Vault XP percentage of total XP
 D = Non-vault monster count
 E = Vault monster count
 F = Vault count percentage of total count
                 A         B        C        D         E       F
            +---------+---------+-------+---------+---------+-------
      Total |   10099 |    1983 |  16.4 |     202 |      37 |  15.5
            +---------+---------+-------+---------+---------+-------
        D:1 |      48 |       0 |   0.0 |      23 |       0 |   0.0
        D:2 |     101 |     100 |  49.8 |      24 |      12 |  33.3
        D:3 |      93 |       0 |   0.0 |      20 |       0 |   0.0
        D:4 |     450 |      36 |   7.4 |      16 |       1 |   5.9
        D:5 |     763 |     610 |  44.4 |      20 |       1 |   4.8
        D:6 |    1243 |     205 |  14.2 |      28 |       3 |   9.7
        D:7 |    1044 |     322 |  23.6 |      16 |       2 |  11.1
        D:8 |    1207 |     512 |  29.8 |      13 |       8 |  38.1
        D:9 |    1085 |       0 |   0.0 |      12 |       0 |   0.0
       D:10 |    2305 |       0 |   0.0 |      24 |       0 |   0.0
       D:11 |    1760 |     198 |  10.1 |       6 |      10 |  62.5
            +---------+---------+-------+---------+---------+-------
